[Event "Championnat du monde jeunes U12F"]
[Date "2024.11.26"]
[White "Xue, Tianhao"]
[Black "Buyankhishig, Batpelden"]
[WhiteElo "1835"]
[BlackElo "1867"]
[Round "11.1"]
[Result "1-0"]
[TimeControl "5400+30"]

1. e4 e5 2. Nf3 Nc6 3. Bb5 a6 4. Ba4 Nf6 5. O-O Be7 6. Re1 b5 7. Bb3 d6 8. c3 O-O 9. d4 Bg4 10. Be3 exd4 11. cxd4 Na5 12. Bc2 Nc4 13. Bc1 d5 14. e5 Ne4 15. b3 Nb6 16. Bxe4 dxe4 17. Rxe4 Bxf3 18. gxf3 f5 19. Re1 Bb4 20. Rf1 Qh4 21. a3 Be7 22. f4 Rad8 23. b4 Kh8 24. Nc3 g5 25. d5 Qh3 26. f3 gxf4 27. Qe2 Nxd5 28. Nxd5 Rxd5 29. Bb2 Qh6 30. Kh1 Qe6 31. Rg1 Rdd8 32. Rac1 c6 33. Qc2 Rc8 34. Rcd1 Rfd8 35. Rxd8+ Rxd8 36. Qxc6 Qxc6 37.
e6+ 1-0

[Variant "Standard"]
[Site "Europe Echecs"]

[Event "Championnat du monde jeunes U12F"]
[Date "2024.11.26"]
[White "Amanzhol, Khanzada"]
[Black "Hanya Shah"]
[WhiteElo "1780"]
[BlackElo "1888"]
[Round "11.2"]
[Result "1-0"]
[TimeControl "5400+30"]

1. e4 Nf6 2. e5 Nd5 3. d4 d6 4. Nf3 dxe5 5. Nxe5 g6 6. Bc4 c6 7. O-O Bg7 8. Re1 O-O 9. Bb3 Be6 10. c3 Nd7 11. Nf3 Bg4 12. h3 Bxf3 13. Qxf3 N5b6 14. Bf4 a5 15. a4 c5 16. dxc5 Nxc5 17. Bc2 Nc4 18. b3 Nb6 19. Na3 Qd5 20. Qg3 Ne6 21. Nb5 Qc5 22. Be3 Qc6 23. Rad1 f5 24. Bxb6 Qxb6 25. Qe3 Nc5 26. Qxe7 Ne4 27. Bxe4 fxe4 28. Qxe4 Qxf2+ 29. Kh1 Qg3 30.
Re3 Qf2 31. Nd6 Rad8 32. Re2 Qf6 33.
Red2 Ra8 34. Qxb7 Kh8 35. Qd5 Ra7 36. c4 Bh6 37. Re2 Bf4 38. Ne4 Qh4 39. Qd4+ Rg7 40. Qc3 Bb8 41. Qe3 Re7 42. Qd4+ Be5 43. Qd3 Qf4 44. g3 Qf5 45. Kg2 Rd7 46. Qc2 Qf3+ 47. Kh2 Rdf7 48. Rg2 Rf5 49. Qd3 Qh5 50. Qe2 Rf3 51. Rd3 Rxd3 52. Qxd3 g5 53. Nf2 Qf3 54. Qxf3 Rxf3 55. Ne4 h6 56. Nd2 Rc3 57. Nf1 Rxb3 58. Re2 Bd4 59. Rc2 Bc5 60. Nd2 Re3 61. Nf1 Ra3 62. Nd2 Rxa4 63. Nb3 Bd6 64. Nd4 Rb4 65. Ne6 Kg8 66. c5 Kf7 67. Nd8+ Ke8 68. Nc6 Bxg3+ 69. Kxg3 Rb3+ 70. Kg4 a4 71. Ne5 a3 72. c6 Kd8 73. c7+ Kc8 74. Nc6 1-0

[Variant "Standard"]
[Site "Europe Echecs"]

[Event "Championnat du monde jeunes U12F"]
[Date "2024.11.26"]
[White "Tong Thai Hoang An"]
[Black "Xu, Luna Yuexiu"]
[WhiteElo "1869"]
[BlackElo "1821"]
[Round "11.3"]
[Result "1-0"]
[TimeControl "5400+30"]

1. d4 d5 2. c4 c6 3. Nc3 Nf6 4. e3 e6 5. Nf3 Nbd7 6. Bd3 dxc4 7. Bxc4 b5 8. Bd3 Bb7 9. O-O a6 10. e4 b4 11. Na4 c5 12. dxc5 Bxc5 13. Qe2 O-O 14. Bg5 Be7 15. Rac1 Qa5 16. b3 Ne5 17. Bxf6 Nxf3+ 18. Qxf3 Bxf6 19. Rc5 Qd8 20. Qe2 e5 21. Rfc1 Qd6 22. Bc4 Rfc8 23. Rd1 Qe7 24. Rxc8+ Bxc8 25. Nb6 Rb8 26. Nd5 Qd6 27. Qd2 Bb7 28. Nxf6+ Qxf6 29. Qxb4 h6 30. Rd7 Qc6 31. Qe7 Rf8 32. Rxb7 Qxe4 33. Bf1 Qe1 34. a4 a5 35. b4 axb4 36. Qxb4 Qa1 37. Rb8 Rxb8 38. Qxb8+ Kh7 39. Qb5 f5 40. a5 h5 41. a6 h4 42. h3 f4 43. Qd3+ Kh6 44. Qe4 g5 45. Qc6+ Kh5 46. Qb7 g4 47. Qh7+ Kg5 48. Qg7+ Kf5 49. Qxg4+ Ke4 50. Qxh4 Kd4 51. Qd8+ Kc5 52. Qc7+ Kd5 53. a7 1-0

[Variant "Standard"]
[Site "Europe Echecs"]

[Event "Championnat du monde jeunes U12F"]
[Date "2024.11.26"]
[White "Li, Sophie"]
[Black "Pratitee Bordoloi"]
[WhiteElo "1798"]
[BlackElo "1929"]
[Round "11.4"]
[Result "0-1"]
[TimeControl "5400+30"]

1. e4 c6 2. d4 d5 3. Nc3 dxe4 4. Nxe4 Nf6 5. Nxf6+ exf6 6. c3 Bd6 7. Bd3 O-O 8. Qc2 h5 9. Ne2 Re8 10. O-O h4 11. Nf4 Qc7 12. g3 Nd7 13. Qd1 g6 14. Qf3 hxg3 15. hxg3 Nf8 16. Kg2 Nh7 17. Bc4 Ng5 18. Qd1 Bf5 19. Bd3 Qd7 20. Rh1 Bg4 21. Be2 Rxe2 22. Nxe2 Bh3+ 23. Rxh3 Qxh3+ 0-1

[Variant "Standard"]
[Site "Europe Echecs"]

[Event "Championnat du monde jeunes U12F"]
[Date "2024.11.26"]
[White "Venskaya, Nika"]
[Black "Li, Peishan"]
[WhiteElo "1871"]
[BlackElo "1729"]
[Round "11.5"]
[Result "1/2-1/2"]
[TimeControl "5400+30"]

1. d4 Nf6 2. Nf3 e6 3. g3 Be7 4. Bg2 O-O 5. c4 d5 6. O-O b6 7. cxd5 exd5 8. Nc3 Bb7 9. Bf4 Nbd7 10. Rc1 c6 11. Qd3 Re8 12. Rfd1 a5 13. Qb1 Bb4 14. e3 Qe7 15. Bg5 h6 16. Bxf6 Qxf6 17. Ne2 Bd6 18. Nf4 Rad8 19. Nd3 c5 20. b3 Rb8 21. Nf4 Bxf4 22. exf4 Rbd8 23. Qd3 cxd4 24. Qb5 Qd6 25. Rxd4 Rc8 26. Rxc8 Rxc8 27. h4 Rc1+ 28. Kh2 Rc2 29. Rd2 Rxd2 30. Nxd2 Nf6 31. Bf3 Qc7 32. Qd3 Qc5 33. Kg2 Bc8 34. Qe3 Bf5 35. Qxc5 bxc5 36. Kf1 Kf8 37. Ke2 Ke7 38. Bg2 Kd6 39. Bf3 h5 40. Kd1 Bd3 41. Be2 Bf5 42. Ke1 Bd7 43. Bd3 Bg4 44. Nf1 Bd7 45. Ne3 Ng4 46. Ke2 Bc8 47. Ke1 Nh2 48. Be2 Ng4 49. Bd3 Nh2 50. Be2 Ng4 51. Bf3 Nxe3 52. fxe3 Bg4 53. Bg2 Bf5 1/2-1/2

[Variant "Standard"]
[Site "Europe Echecs"]

[Event "Championnat du monde jeunes U12F"]
[Date "2024.11.26"]
[White "Tran Le Vy"]
[Black "Qiu, Laurie"]
[WhiteElo "1854"]
[BlackElo "1994"]
[Round "11.6"]
[Result "1-0"]
[TimeControl "5400+30"]

1. e4 c5 2. Nf3 Nc6 3. c3 Nf6 4. Bd3 d5 5. e5 Ne4 6. Qe2 Bf5 7. b3 Qc7 8. Bb5 Qa5 9. Bb2 Bg4 10. h4 c4 11. bxc4 a6 12. cxd5 Qxb5 13. Qxb5 axb5 14. dxc6 bxc6 15. d4 Be6 16. a3 Bc4 17. Nbd2 Nxd2 18. Nxd2 Bd3 19. Rh3 Bf5 20. Re3 e6 21. c4 Be7 22. cxb5 cxb5 23. Rb3 Rb8 24. Rc1 O-O 25. Rc7 Rfe8 26. Ke2 h5 27. g3 b4 28. Bc1 Bf8 29. axb4 Bxb4 30. Nc4 Bc2 31. Rxb4 Rxb4 32. Nd6 Reb8 33. Rxc2 Rxd4 34. Rc7 Rd5 35.
Nxf7 Rf8 36. Ng5 Rxe5+ 37. Kf1 Ref5 38.
Be3 R5f6 39. Re7 Rd8 40. Nxe6 Rd1+ 41.
Kg2 g6 42. Ng5 Ra6 43. Re8+ Kg7 44.
Bf4 Ra5 45. Be5+ 1-0

[Variant "Standard"]
[Site "Europe Echecs"]

[Event "Championnat du monde jeunes U12F"]
[Date "2024.11.26"]
[White "Siskou, Evangelia"]
[Black "Mozolevskaya, Tatyana Nik"]
[WhiteElo "1884"]
[BlackElo "1775"]
[Round "11.7"]
[Result "0-1"]
[TimeControl "5400+30"]

1. c4 g6 2. g3 Bg7 3. Bg2 c5 4. Nc3 Nc6 5. e4 e6 6. Nge2 Nge7 7. O-O O-O 8. d3 d6 9. Rb1 b6 10. a3 Bb7 11. b4 Nd4 12. Nxd4 cxd4 13. Ne2 Qd7 14. Qb3 Rac8 15. Bb2 e5 16. a4 Bc6 17. Ra1 a5 18. f4 Kh8 19. b5 Bb7 20. fxe5 dxe5 21. c5 bxc5 22. Rxf7 Rxf7 23. Qxf7 Rc7 24. Rf1 Nc8 25. Qxd7 Rxd7 26. Bh3 Rc7 27. Bxc8 Bxc8 28. Rc1 Bg4 29. Rc2 c4 30. h3 Be6 31. Ba3 c3 32. Nc1 Bxh3 33. Nb3 Ra7 34. Bc5 Ra8 35. b6 Bc8 36. Bd6 Ra6 37. Bc7 Kg8 38. Nc5 Ra8 39. Bd6 Kf7 40. Rf2+ Ke8 41. Kg2 Ra6 42. Bc7 Bh6 43. Nxa6 Bxa6 44. Bxe5 Be3 45. Ra2 Kd7 46. Kf3 Kc6 47. Ke2 g5 48. Bc7 Bc8 49. b7 Bg4+ 50. Ke1 Kxc7 51. Rh2 h5 52. Ra2 Kxb7 53. Rc2 Kc6 54. Rh2 Kc5 55. Kf1 Bd2 0-1

[Variant "Standard"]
[Site "Europe Echecs"]

[Event "Championnat du monde jeunes U12F"]
[Date "2024.11.26"]
[White "Ahmed Mohamed, Zakaa"]
[Black "Bogomolnikova, Zlata"]
[WhiteElo "1866"]
[BlackElo "1628"]
[Round "11.8"]
[Result "1-0"]
[TimeControl "5400+30"]

1. e4 c5 2. Nc3 e6 3. f4 d5 4. Bb5+ Nc6 5. Bxc6+ bxc6 6. d3 Rb8 7. Nf3 Ba6 8. O-O Nf6 9. Re1 Be7 10. Ne5 Qb6 11. Na4 Qb7 12. Ng4 c4 13. Nxf6+ gxf6 14. f5 e5 15. d4 Rd8 16. dxe5 fxe5 17. exd5 Rxd5 18. Qg4 f6 19. Bh6 Bf8 20. Nc3 Rd4 21. Qxd4 Bxh6 22. Qd6 Rg8 23. Qe6+ Kf8 24. Qxf6+ Qf7 25. Qxh6+ Ke8 26. Qxc6+ Kf8 27. Qxa6 Rxg2+ 28. Kxg2 Qg7+ 29. Kh1 1-0

[Variant "Standard"]
[Site "Europe Echecs"]

[Event "Championnat du monde jeunes U12F"]
[Date "2024.11.26"]
[White "Bassari, Senem Gul"]
[Black "Ejsymont, Blanka"]
[WhiteElo "1778"]
[BlackElo "1945"]
[Round "11.9"]
[Result "1/2-1/2"]
[TimeControl "5400+30"]

1. e4 c5 2. Nf3 d6 3. d4 cxd4 4. Nxd4 Nf6 5. Nc3 a6 6. Rg1 e5 7. Nb3 h5 8. h3 Be6 9. g4 hxg4 10. hxg4 d5 11. exd5 Nxd5 12. Nxd5 Qxd5 13. Qe2 Nc6 14. c3 O-O-O 15. Bd2 Be7 16. Be3 Rh4 17. Nd2 e4 18. Nc4 Qd3 19. Qd2 Qxd2+ 20. Nxd2 Ne5 21. Bd4 Bg5 22. Be2 Bxd2+ 23. Kxd2 Nc6 24. Ke3 Rh3+ 25. Rg3 Rxg3+ 26. fxg3 Nxd4 27. cxd4 Bd5 28. Bf1 Rh8 29. Bg2 Rh2 30. Rg1 Kd7 31. a3 Kd6 32. b4 b5 33. Kf4 Rh6 34. Ke3 Rg6 35. Bh3 Rh6 36. Bg2 Rg6 37. Bh3 Rh6 38. Bg2 1/2-1/2

[Variant "Standard"]
[Site "Europe Echecs"]

[Event "Championnat du monde jeunes U12F"]
[Date "2024.11.26"]
[White "Harutyunyan, Gabriela"]
[Black "Pavithra R V"]
[WhiteElo "1730"]
[BlackElo "1854"]
[Round "11.10"]
[Result "1-0"]
[TimeControl "5400+30"]

1. e4 c5 2. Nc3 Nc6 3. Bb5 g6 4. Bxc6 dxc6 5. d3 Bg7 6. Be3 b6 7. Qd2 e5 8. Nge2 Qc7 9. a4 a5 10. f4 f6 11. O-O Be6 12. Rad1 Ne7 13. Qe1 O-O-O 14. Nb1 h6 15. Qf2 g5 16. f5 Bf7 17. b4 axb4 18. a5 bxa5 19. Bxc5 Kb7 20. Nd2 Nc8 21. Rb1 Bf8 22. Be3 c5 23. Ra1 Kb6 24. Nc1 Nd6 25. Ncb3 Nb7 26. Rfb1 Ka7 27. Nxa5 Nxa5 28. Rxb4 Ka6 29. Rba4 Rc8 30. Qe1 Be8 31. Rxa5+ Qxa5 32. Rxa5+ Kxa5 33. Nc4+ Kb5 34. Qa5+ Kc6 35. Qb6+ Kd7 36. Qe6+ Kd8 37. Bd2 Bd7 38. Ba5+ Rc7 39.
Qxf6+ Ke8 40. Qxe5+ Kd8 41. Bxc7+ Kc8 42. Ba5 Kb7 43. Qc7+ Ka8 44. Nb6# 1-0

[Variant "Standard"]
[Site "Europe Echecs"]

[Event "Championnat du monde jeunes U12F"]
[Date "2024.11.26"]
[White "Abak, Tuana"]
[Black "Ivaschenko, Anna"]
[WhiteElo "1806"]
[BlackElo "1732"]
[Round "11.11"]
[Result "1/2-1/2"]
[TimeControl "5400+30"]

1. e4 e6 2. d3 d5 3. Nd2 Nf6 4. Ngf3 Nc6 5. g3 dxe4 6. dxe4 Bc5 7. Bg2 O-O 8. O-O e5 9. c3 a5 10. Qc2 Qe7 11. Nc4 Rd8 12. Be3 b6 13. Rfe1 Ba6 14. Bf1 Ng4 15. h3 Nxe3 16. Nxe3 Bxe3 17. fxe3 Bxf1 18. Rxf1 Rd6 19. Rf2 Rad8 20. Raf1 f6 21. Nh4 Qe6 22. Nf5 Rd3 23. Qe2 Qd7 24. Kh1 Rd1 25. Qc4+ Kh8 26. Kg2 Rxf1 27. Rxf1 Ne7 28. Rf2 Qc6 29. Qxc6 Nxc6 30. Nh4 Kg8 31. Nf3 Rd3 32. Re2 Kf7 33. Kf2 Ke6 34. Rd2 Rd8 35. Ke2 Rh8 36. Nh4 Ne7 37. Nf5 g6 38. Nxe7 Kxe7 39. a4 Ra8 40. Kd1 Rd8 41. Rxd8 Kxd8 42. Kd2 Kd7 43. Kd3 Kd6 44. Kc4 Kc6 45. b4 h6 46. g4 g5 47. Kb3 Kd6 48. c4 c5 49. bxa5 bxa5 50. Kc2 Ke6 51. Kd3 Kd6 52. Ke2 Ke6 1/2-1/2

[Variant "Standard"]
[Site "Europe Echecs"]

[Event "Championnat du monde jeunes U12F"]
[Date "2024.11.26"]
[White "Xikmatkhonova, Mokhinur"]
[Black "Illes-Nagy, Nora"]
[WhiteElo "1726"]
[BlackElo "1803"]
[Round "11.12"]
[Result "1-0"]
[TimeControl "5400+30"]

1. e4 c5 2. Nf3 e6 3. d4 cxd4 4. Nxd4 Nc6 5. Nc3 Qc7 6. Be2 a6 7. O-O Nf6 8. Be3 Bb4 9. Na4 O-O 10. Nxc6 bxc6 11. Nb6 Rb8 12. Nxc8 Rfxc8 13. Bxa6 Re8 14. Bd3 Bd6 15. f4 e5 16. f5 Rxb2 17. g4 Reb8 18. g5 Ne8 19. Qh5 Bf8 20. g6 Nf6 21. gxh7+ Kh8 22. Qxf7 Qd8 23. Bg5 Bc5+ 24. Kh1 d5 25. Qg6 R2b4 26. a3 R4b7 27. Rfd1 Bd4 28. Rac1 Bb2 29. Rb1 Bxa3 30. Rxb7 Rxb7 31. Bxf6 Qxf6 32. Ra1 Ra7 33. Rb1 Bd6 34. Qe8+ Kxh7 35. Qxc6 dxe4 36. Qxe4 Bc5 37. Qg4 Qc6+ 38. Be4 Ra4 39. Qh5+ Qh6 40. Qg6+ Qxg6 41. fxg6+ Kh6 42. Re1 Bd4 43. Bd3 Ra1 44. Rxa1 Bxa1 45. Kg2 Kg5 46. Kf3 Bd4 47. Be4 Bc3 48. Bd3 Kf6 49. Kg4 Bd4 50. Be4 Bc3 51. h3 Bd4 52. c4 Bc5 53. Bd3 Bd4 54. Kf3 Ke6 55. Ke4 Bc5 56. h4 Be7 57. h5 Bc5 58. Be2 Bf8 59. Bg4+ Kf6 60. Kd5 Bb4 61. c5 Ke7 62. Bf3 Bc3 63. c6 e4 64. Bxe4 Kd8 65. Kd6 Bb4+ 66. Ke6 Bc3 67. Kf7 Kc7 68. h6 gxh6 69. g7 Bxg7 70. Kxg7 h5 71. Kf6 h4 72. Ke6 h3 73. Kd5 h2 74. Bg2 Kc8 75. Kd6 Kd8 76. c7+ Kc8 77. Bh3+ Kb7 78. c8=Q+ Kb6 79. Qc5+ Kb7 80. Bc8+ 1-0

[Variant "Standard"]
[Site "Europe Echecs"]

[Event "Championnat du monde jeunes U12F"]
[Date "2024.11.26"]
[White "Jordan, Christina"]
[Black "Allahverdi, Zahra"]
[WhiteElo "1803"]
[BlackElo "1718"]
[Round "11.13"]
[Result "1-0"]
[TimeControl "5400+30"]

1. e4 c5 2. Nf3 a6 3. c3 Nf6 4. e5 Nd5 5. d4 cxd4 6. cxd4 e6 7. Bc4 Nb6 8. Bb3 d6 9. O-O Be7 10. Nc3 O-O 11. Be3 Nc6 12. Re1 Na5 13. Bc2 Nac4 14. Qd3 g6 15. Bh6 Nxb2 16. Qe2 Re8 17. Bb3 N2c4 18. Bxc4 Qc7 19. exd6 Qxd6 20. Ne4 Qd8 21. Bb3 Nd5 22. Bxd5 Qxd5 23. Rec1 Bd7 24. Rc5 Bxc5 25. Nf6+ Kh8 26. Nxd5 exd5 27. Qd2 Bf8 28. Ne5 Be6 29. Bxf8 Rxf8 30. h4 Kg7 31. h5 h6 32. hxg6 fxg6 33. Qb4 1-0

[Variant "Standard"]
[Site "Europe Echecs"]

[Event "Championnat du monde jeunes U12F"]
[Date "2024.11.26"]
[White "Rzadkowska, Kaja"]
[Black "Sabou, Stefania Theodora"]
[WhiteElo "1798"]
[BlackElo "1736"]
[Round "11.14"]
[Result "1/2-1/2"]
[TimeControl "5400+30"]

1. e4 c5 2. Nf3 Nc6 3. d4 cxd4 4. Nxd4 g6 5. c4 Nf6 6. Nc3 d6 7. Be2 Nxd4 8. Qxd4 Bg7 9. Be3 O-O 10. Qd2 a5 11. O-O a4 12. Rac1 Qa5 13. Rfd1 Be6 14. f3 Rfc8 15. b3 axb3 16. axb3 Qb4 17. Qc2 Ra3 18. Rb1 b5 19. e5 Nd7 20. Nd5 Bxd5 21. Rxd5 Ra6 22. Rxb5 Qxb5 23. cxb5 Rxc2 24. bxa6 Rxe2 25. a7 Ra2 26. b4 Bxe5 27. Rc1 Nc5 28. bxc5 Rxa7 29. cxd6 Rd7 30. Bh6 f5 31. dxe7 Bd4+ 32. Kf1 Rxe7 33. Rc8+ Kf7 1/2-1/2

[Variant "Standard"]
[Site "Europe Echecs"]

[Event "Championnat du monde jeunes U12F"]
[Date "2024.11.26"]
[White "Sri Darshini T"]
[Black "Aadya Ranganath"]
[WhiteElo "1681"]
[BlackElo "1753"]
[Round "11.15"]
[Result "1-0"]
[TimeControl "5400+30"]

1. d4 Nf6 2. c4 g6 3. Nc3 Bg7 4. e4 d6 5. Nf3 O-O 6. Be2 e5 7. O-O Nc6 8. d5 Ne7 9. b4 a5 10. Ba3 b6 11. bxa5 Rxa5 12. Bb4 Ra8 13. a4 Nd7 14. a5 f5 15. axb6 Rxa1 16. Qxa1 Nxb6 17. Nd2 Bh6 18. Qa2 Qd7 19. c5 Bxd2 20. Bb5 Qd8 21. cxd6 cxd6 22. Qxd2 Bb7 23. Ba5 Nec8 24. Na4 Rf7 25. Qb4 fxe4 26. Nxb6 Nxb6 27. Bc4 e3 28. Qxb6 Qxb6 29. Bxb6 Rf4 30. Rc1 exf2+ 31. Bxf2 Kg7 32. Be3 Rf7 33. Rb1 Rc7 34. Rb4 Kf6 35. Kf2 e4 36. Bd4+ Kf5 37. Ke3 g5 38. Be2 h5 39. Bxh5 g4 40. h3 gxh3 41. gxh3 Re7 42. Bg4+ Kg5 43. Rb6 Rc7 44. Rxd6 Rf7 45. Bb6 Kh4 46. Rg6 Rf8 47. d6 Bc8 48. Bxc8 Rxc8 49. d7 Rc3+ 50. Kxe4 Rc4+ 51. Bd4 Kh5 52.
Rg1 Rc6 53. d8=Q Re6+ 54. Kd3 Re3+ 55.
Kxe3 Kh6 56. Qh8# 1-0

[Variant "Standard"]
[Site "Europe Echecs"]

[Event "Championnat du monde jeunes U12F"]
[Date "2024.11.26"]
[White "Zavivaeva, Kristina"]
[Black "Telyuk, Anastasiya"]
[WhiteElo "1775"]
[BlackElo "1603"]
[Round "11.16"]
[Result "1-0"]
[TimeControl "5400+30"]

1. e4 c5 2. b4 cxb4 3. a3 e6 4. d4 d5 5. e5 Nc6 6. Nf3 bxa3 7. c3 a6 8. Bd3 b5 9. Bxa3 Bxa3 10. Nxa3 Rb8 11. O-O Nge7 12. Ng5 Nf5 13. Qh5 g6 14. Qg4 b4 15. Nc2 bxc3 16. Ra3 h6 17. Nf3 O-O 18. Rxc3 Bb7 19. Rb1 Qe7 20. Qf4 Kg7 21. g4 Nh4 22. Qf6+ Qxf6 23. exf6+ Kxf6 24. Nxh4 Rfc8 25. Kg2 Rc7 26. Bxa6 Bxa6 27. Rxb8 Bc4 28. Rb6 Ne7 29. Kg3 h5 30. f4 hxg4 31. Ne3 g5 32. Nxg4+ Kg7 33. fxg5 Nf5+ 34. Nxf5+ exf5 35. Ne5 1-0

[Variant "Standard"]
[Site "Europe Echecs"]

[Event "Championnat du monde jeunes U12F"]
[Date "2024.11.26"]
[White "Siddhi Rao"]
[Black "Sunea, Sara Maria"]
[WhiteElo "1677"]
[BlackElo "1823"]
[Round "11.17"]
[Result "1/2-1/2"]
[TimeControl "5400+30"]

1. e4 e6 2. d4 d5 3. Nd2 Nc6 4. Ngf3 Nf6 5. e5 Nd7 6. c3 f6 7. Bb5 Be7 8. O-O O-O 9. Nb3 fxe5 10. Bxc6 bxc6 11. Na5 e4 12. Nxc6 Qe8 13. Nxe7+ Qxe7 14. Nd2 c5 15. Nb3 Qh4 16. Be3 c4 17. Nc1 Rf6 18. Ne2 g5 19. Ng3 Rh6 20. h3 Nf6 21. Nh1 Bd7 22. f3 Kh8 23. Qe1 Rg6 24. Qxh4 gxh4 25. Kf2 Rb8 26. Rab1 Ba4 27. Bf4 Rb7 28. Rfc1 Rbg7 29. Rg1 Bc2 30. Rbc1 Bd3 31. b4 a5 32. a3 axb4 1/2-1/2

[Variant "Standard"]
[Site "Europe Echecs"]

[Event "Championnat du monde jeunes U12F"]
[Date "2024.11.26"]
[White "Sevastsyanchuk, Anastasiya"]
[Black "Gailevska, Milana"]
[WhiteElo "1595"]
[BlackElo "1698"]
[Round "11.18"]
[Result "1-0"]
[TimeControl "5400+30"]

1. e4 e6 2. d4 d5 3. Nd2 c5 4. exd5 exd5 5. Ngf3 Nc6 6. Bb5 Bd6 7. O-O Ne7 8. dxc5 Bxc5 9. Nb3 Bd6 10. Bg5 O-O 11. Nbd4 Qc7 12. Ba4 Nxd4 13. Qxd4 f6 14. Bh4 Be5 15. Nxe5 fxe5 16. Qd2 Be6 17. Bb3 Kh8 18. Bxe7 Qxe7 19. Bxd5 Rad8 20. c4 b5 21. b3 bxc4 22. bxc4 Qc5 23. Rad1 Bxd5 24. cxd5 Rd6 25. Rfe1 e4 26. Qd4 Qc2 27. Qxa7 Rdf6 28. Rc1 Qd2 29. Red1 Qb2 30. Rf1 h6 31. Rcd1 Qc2 32. Ra1 Qb2 33. Rad1 Qe2 34. Qe3 Qxa2 35. d6 Qe6 36. Rd2 Rd8 37. Rfd1 Qc4 38. d7 Qc6 39. Rd5 Qe6 40. Qc5 Qf7
41. Qc7 Qf8 42. Re5 Rf7 43. Qxd8 Qxd8 44. Re8+ Rf8 45. Rxf8+ Qxf8 46. d8=Q 1-0

[Variant "Standard"]
[Site "Europe Echecs"]

[Event "Championnat du monde jeunes U12F"]
[Date "2024.11.26"]
[White "Chichinadze, Anastasia"]
[Black "Alcantara, Levanah"]
[WhiteElo "1682"]
[BlackElo "1753"]
[Round "11.19"]
[Result "0-1"]
[TimeControl "5400+30"]

1. e4 c6 2. d4 d5 3. exd5 cxd5 4. Bd3 Nc6 5. c3 e6 6. f4 Bd6 7. Nf3 Nge7 8. O-O O-O 9. Qe2 Bd7 10. Be3 f6 11. Nbd2 Qc7 12. Rae1 Rae8 13. Kh1 Ng6 14. Bxg6 hxg6 15. Qd3 Ne7 16. Nh4 Kf7 17. Ndf3 Rh8 18. g4 Rc8 19. g5 Nf5 20. Nxf5 gxf5 21. Kg2 a6 22. Qd2 Rce8 23. h4 Ke7 24. Kg3 Kd8 25. b3 Bc6 26. Rc1 Qf7 27. Qh2 Qh5 28. Qh3 Bd7 29. Rcd1 Kc8 30. c4 Kb8 31. Rfe1 Re7 32. Bc1 Rhe8 33. Kg2 Bc6 34. c5 Bc7 35. Qg3 Ka8 36. Rd3 Qf7 37. Rde3 Ka7 38. Kh2 Rh8 39. Bb2 Qe8 40. Kg2 Qc8 41. Bc1 Bd7 42. a4 Bc6 43. Kf2 Rhe8 44. Ba3 Qb8 45. R3e2 Bxf4 46. Qh3 Qc8 47. Bb2 Rh8 48. Qg2 Bc7 49. gxf6 gxf6 50. Qg6 Rg8 51. Qxf6 Reg7 52. Ng5 Rg6 53. Qf7 R8g7 54. Rxe6 Rxf7 55. Rxg6 Qh8 56. Nxf7 Qxh4+ 57. Kf1 Qh1+ 58. Kf2 Qh4+ 59. Kf1 Qf4+ 60. Kg1 Qh2+ 61. Kf1 Bg3 62. Rd1 Qf2# 0-1

[Variant "Standard"]
[Site "Europe Echecs"]

[Event "Championnat du monde jeunes U12F"]
[Date "2024.11.26"]
[White "Messali Anger, Ilyana"]
[Black "Kovalskyy, Alicia"]
[WhiteElo "1687"]
[BlackElo "1871"]
[Round "11.20"]
[Result "0-1"]
[TimeControl "5400+30"]

1. e4 e5 2. Nf3 Nc6 3. Bb5 a6 4. Ba4 Nf6 5. O-O Be7 6. Re1 b5 7. Bb3 d6 8. c3 O-O 9. h3 Na5 10. Bc2 c5 11. d4 Nd7 12. Nbd2 exd4 13. cxd4 Nc6 14. Nf1 Bf6 15. Be3 Qb6 16. e5 dxe5 17. dxc5 Qc7 18. Qd3 g6 19. a3 Rd8 20. Qd6 Qxd6 21. cxd6 Bb7 22. Be4 Na5 23. Ng3 Bg7 24. Rad1 f5 25. Bxb7 Nxb7 26. Bg5 Re8 27. b4 Bf8 28. Rd2 h6 29. Be7 Bxe7 30. dxe7 Rxe7 31. Rc1 Nf6 32. Rc6 Kg7 33. Nxe5 f4 34. Nf1 Nd8 35. Rcd6 Rxe5 36. Rxd8 Ra7 37. Ra2 a5 38. f3 axb4 39. Rd3 Rd5 40. Rb3 Rxa3 41. Raxa3 bxa3 42. Rxa3 b4 43. Rb3 Rb5 44. Nd2 Nd5 45. Nc4 Rc5 46. Nd2 Rc3 47. Kf2 Rxb3 48. Nxb3 Kf6 49. Ke2 Ke5 50. Kd3 Ne3 51. g4 Kd5 52. Nd2 g5 53. Nb3 Nc4 54. Kc2 Ne3+ 55. Kd3 Nc4 56. Kc2 Ne5 57. Nd2 Kd4 0-1

[Variant "Standard"]
[Site "Europe Echecs"]

[Event "Championnat du monde jeunes U12F"]
[Date "2024.11.26"]
[White "Smirnova, Viktoria A"]
[Black "Baruch, Amit"]
[WhiteElo "1658"]
[BlackElo "1747"]
[Round "11.21"]
[Result "1/2-1/2"]
[TimeControl "5400+30"]

1. d4 Nf6 2. c4 e6 3. Nf3 b6 4. g3 Bb4+ 5. Bd2 a5 6. Bg2 O-O 7. O-O Bb7 8. Bg5 Be7 9. Bxf6 Bxf6 10. Nc3 d6 11. Qd2 Nd7 12. e4 e5 13. d5 Nc5 14. Qc2 Bc8 15. Nd2 Be7 16. Nb3 f5 17. Nxc5 bxc5 18. f4 exf4 19. Rxf4 Bg5 20. Rf3 f4 21. gxf4 Rxf4 22. Qf2 Bh4 23. Qe3 Rxf3 24. Qxf3 Bf6 25. Rf1 Qe7 26. b3 Bd7 27. Ne2 Rf8 28. Kh1 Qe5 29. Ng3 Be7 30. Qe2 Rxf1+ 31. Qxf1 Qb2 32. Qe2 Qa1+ 33. Nf1 Bf6 34. Qd2 Bc3 35. Qg5 Bf6 36. Qd2 Qc3 37. Qxc3 Bxc3 38. Ne3 Bd2 39. Nf5 g6 40. Ne7+ Kf7 41. Nc6 Kf6 42. Kg1 Bg4 43. Bf1 Bc3 44. Bd3 Kg5 45. Kf2 Kf4 46. Bb1 h5 47. Ne7 Ke5 48. Nxg6+ Kf6 49. Nf4 Be5 50. Nd3 Bxh2 51. Kg2 Be5 52. Bc2 h4 53. Nf2 Be2 54. Bd3 Bh5 55. Bf1 Bg3 56. Nd3 Bd1 57. Nc1 Ke5 58. Be2 Bc2 59. Bf3 Bxe4 60. Ne2 Bxf3+ 61. Kxf3 Be1 62. Ng1 Kd4 63. Ke2 Bg3 64. Kd2 Bf4+ 65. Ke2 Kc3 66. Nh3 Bg3 67. Ng5 Kb2 68. Kd3 Bf4 69. Nh3 Be5 70. Ng5 Kc1 71. Nh3 Kd1 72. Ke3 Kc2 73. Ke2 Kc3 74. Ke3 Bd4+ 75. Ke2 Bg7 76. Ng5 Bh6 77. Nh3 Kd4 78. Nf2 Bg5 79. Nh3 Bh6 80. Nf2 Bf4 81. Nh3 Bh6 82. Nf2 Bc1 83. Nd3 Be3 84. Ne1 Ke4 85. Ng2 Bg5 86. Ne1 h3 87. Kf1 Kf4 88. Kg1 Kg3 89. Nc2 Bd2 90. Na3 Be3+ 1/2-1/2

[Variant "Standard"]
[Site "Europe Echecs"]

[Event "Championnat du monde jeunes U12F"]
[Date "2024.11.26"]
[White "Oksanen, Maria"]
[Black "Huang, Lucia"]
[WhiteElo "1725"]
[BlackElo "1621"]
[Round "11.22"]
[Result "1/2-1/2"]
[TimeControl "5400+30"]

1. e4 e5 2. Nf3 Nc6 3. Bb5 a6 4. Ba4 Nf6 5. O-O Nxe4 6. Re1 Nc5 7. Bxc6 dxc6 8. Nxe5 Be7 9. b4 Ne6 10. Qg4 O-O 11. Bb2 Bf6 12. d4 Qd6 13. c3 Re8 14. Nd2 Nxd4 15. Qxd4 Rxe5 16. Rxe5 Qxe5 17. Qxe5 Bxe5 18. Re1 f6 19. Nc4 Bd6 20. Rd1 Be6 21. Nxd6 cxd6 22. Rxd6 Bxa2 23. Bc1 Bd5 24. Be3 b5 25. Bb6 Re8 26. Rd8 Rxd8 27. Bxd8 Kf7 28. f3 Ke6 29. Kf2 Kd6 30. Bb6 Bc4 31. Ke3 Ke6 32. g3 h5 33. h4 Kf5 34. Bc7 Bd5 35. Bb6 g5 36. Bc7 Bc4 37. Bb6 1/2-1/2

[Variant "Standard"]
[Site "Europe Echecs"]

[Event "Championnat du monde jeunes U12F"]
[Date "2024.11.26"]
[White "Sinkar, Anagha Aniket"]
[Black "Busuioc, Amelie"]
[WhiteElo "1723"]
[BlackElo "1581"]
[Round "11.23"]
[Result "1-0"]
[TimeControl "5400+30"]

1. e4 c5 2. c3 e6 3. d4 d5 4. exd5 exd5 5. Bb5+ Bd7 6. Bxd7+ Nxd7 7. Nf3 Ngf6 8. O-O Be7 9. Nh4 Ne4 10. Nf5 Bf6 11. f3 Ng5 12. Bxg5 Bxg5 13. Nxg7+ Kf8 14. Nf5 Qf6 15. Qd3 c4 16. Qc2 Re8 17. f4 Bh6 18. Nxh6 Qxh6 19. Na3 Nf6 20. Rf3 Ng4 21. h3 Ne3 22. Qf2 Nf5 23. Re1 Rxe1+ 24. Qxe1 Rg8 25. Qe5 Qg6 26. Rf2 Nh4 27. Qxd5 Qg3 28. Qxb7 Qxh3 29. Qb8+ Kg7 30. Qxg8+ Kxg8 31. gxh3 1-0

[Variant "Standard"]
[Site "Europe Echecs"]